General information
- name: BNet
- type: Ladder team game (AT/RT)
- host: Battle.net
- saver: HUMBLE-ORIGINS
map: GolemsInTheMist
- players: 8
- length: 27:32
- speed: Fast
- version: 1.26 W3XP
- replay type: Public
» download(214 KB)
Players
team 1 (winner)
HUMBLE-ORIGINS (
blue | 85 APM | 2333 actions | 27:32)
6 Blademaster
3 Wind Walk
2 Critical Strike
1 Bladestorm
5 Shadow Hunter
3 Hex
2 Healing Wave
4 Tauren Chieftain
2 Shockwave
2 Endurance Aura
» actions
| Assign group hotkey | 130 | |
| Basic commands | 5 | |
| Build / train | 66 | |
| Enter build submenu | 14 | |
| Enter hero's abilities submenu | 16 | |
| Give item / drop item | 2 | |
| Remove unit from queue | 1 | |
| Right click | 1082 | |
| Select / deselect | 205 | |
| Select group hotkey | 640 | |
| Use ability | 172 | |
2333 total
» units
| Peon | 9 | |
| Raider | 10 | |
| Wind Rider | 6 | |
| Troll Batrider | 2 | |
27 total
» upgrades
| Ranged Weapons | 1 | |
| Ensnare | 1 | |
| Envenomed Spears | 1 | |
| Armor | 1 | |
| Reinforced Defenses | 1 | |
5 total
» buildings
| Altar of Storms | 1 | |
| Orc Burrow | 6 | |
| Voodoo Lounge | 1 | |
| Stronghold | 2 | |
| War Mill | 1 | |
| Beastiary | 3 | |
| Fortress | 1 | |
| Great Hall | 1 | |
16 total
» build order
00:06 Altar of Storms
00:20 Orc Burrow
01:20 Voodoo Lounge
02:04 Stronghold
02:04 Stronghold
02:22 Orc Burrow
02:39 War Mill
03:03 Orc Burrow
03:31 Orc Burrow
04:36 Beastiary
04:55 Beastiary
09:08 Fortress
12:08 Beastiary
13:26 Orc Burrow
13:28 Orc Burrow
24:27 Great Hall
» items
| Healing Salve | 2 | |
| Lesser Clarity Potion | 4 | |
| Orb of Lightning | 1 | |
| Scroll of Town Portal | 1 | |
| Potion of Mana | 1 | |
9 total

»
Spicey7 (
purple | 63 APM | 1729 actions | 27:31)
6 Archmage
2 Summon Water Elemental
3 Brilliance Aura
1 Mass Teleport
4 Mountain King
2 Storm Bolt
2 Bash
5 Paladin
3 Holy Light
2 Divine Shield
» actions
| Basic commands | 2 | |
| Build / train | 90 | |
| Enter build submenu | 25 | |
| Enter hero's abilities submenu | 15 | |
| Right click | 892 | |
| Select / deselect | 506 | |
| Use ability | 199 | |
1729 total
» units
| Peasant | 17 | |
| Rifleman | 20 | |
| Sorceress | 4 | |
| Priest | 4 | |
45 total
» upgrades
| Gunpowder | 3 | |
| Armor | 3 | |
| Masonry | 3 | |
| Long Rifles | 1 | |
| Lumber Harvesting | 2 | |
| Sorceress Training | 2 | |
| Priest Training | 2 | |
16 total
» buildings
| Altar of Kings | 1 | |
| Farm | 9 | |
| Lumber Mill | 1 | |
| Blacksmith | 1 | |
| Barracks | 2 | |
| Town Hall | 1 | |
| Scout Tower | 8 | |
| Guard Tower | 7 | |
| Keep | 1 | |
| Castle | 1 | |
| Arcane Sanctum | 2 | |
34 total
» build order
00:20 Altar of Kings
00:35 Farm
01:06 Lumber Mill
01:15 Farm
01:25 Blacksmith
01:51 Farm
02:19 Barracks
02:32 Farm
02:46 Barracks
03:10 Farm
04:53 Farm
06:00 Town Hall
06:03 Scout Tower
06:05 Scout Tower
06:06 Scout Tower
06:08 Scout Tower
06:32 Guard Tower
06:40 Guard Tower
06:56 Guard Tower
07:00 Scout Tower
07:02 Guard Tower
07:26 Scout Tower
07:29 Guard Tower
08:11 Guard Tower
08:13 Keep
09:06 Farm
10:57 Castle
12:32 Arcane Sanctum
12:44 Arcane Sanctum
12:55 Farm
15:52 Farm
18:57 Scout Tower
23:16 Guard Tower
23:18 Scout Tower
OZ-ADEBISI (
pink | 68 APM | 1863 actions | 27:31)
4 Mountain King
2 Storm Bolt
2 Bash
3 Paladin
2 Holy Light
1 Divine Shield
» actions
| Assign group hotkey | 51 | |
| Basic commands | 81 | |
| Build / train | 76 | |
| Enter build submenu | 35 | |
| Enter hero's abilities submenu | 7 | |
| Give item / drop item | 1 | |
| Right click | 848 | |
| Select / deselect | 376 | |
| Select group hotkey | 275 | |
| Use ability | 113 | |
1863 total
» units
| Peasant | 15 | |
| Rifleman | 16 | |
| Goblin Zeppelin | 1 | |
| Sorceress | 7 | |
39 total
» upgrades
| Masonry | 3 | |
| Gunpowder | 3 | |
| Armor | 2 | |
| Long Rifles | 1 | |
| Sorceress Training | 2 | |
| Magic Sentry | 1 | |
12 total
» buildings
| Altar of Kings | 1 | |
| Farm | 9 | |
| Blacksmith | 1 | |
| Barracks | 2 | |
| Arcane Vault | 1 | |
| Lumber Mill | 1 | |
| Scout Tower | 5 | |
| Arcane Tower | 1 | |
| Guard Tower | 4 | |
| Keep | 1 | |
| Castle | 1 | |
| Arcane Sanctum | 2 | |
| Town Hall | 1 | |
30 total
» build order
00:38 Altar of Kings
01:02 Farm
01:40 Blacksmith
01:42 Farm
01:49 Barracks
02:06 Arcane Vault
02:19 Farm
02:22 Lumber Mill
02:31 Scout Tower
02:34 Scout Tower
03:01 Scout Tower
03:07 Farm
03:11 Arcane Tower
03:24 Guard Tower
03:31 Guard Tower
03:35 Farm
04:01 Farm
06:04 Barracks
06:39 Keep
07:17 Farm
10:39 Castle
11:04 Scout Tower
11:21 Arcane Sanctum
11:31 Scout Tower
11:33 Guard Tower
11:58 Guard Tower
12:03 Farm
12:48 Farm
13:23 Arcane Sanctum
15:50 Town Hall
» items
| Scroll of Regeneration | 3 | |
| Scroll of Town Portal | 2 | |
| Lesser Clarity Potion | 1 | |
6 total

»
bigaonja (
red | 37 APM | 1009 actions | 27:31)
5 Warden
2 Shadow Strike
3 Blink
4 Priestess of the Moon
2 Trueshot Aura
2 Searing Arrows
» actions
| Assign group hotkey | 30 | |
| Basic commands | 46 | |
| Build / train | 84 | |
| Enter build submenu | 21 | |
| Enter hero's abilities submenu | 9 | |
| Right click | 252 | |
| Select / deselect | 328 | |
| Select group hotkey | 145 | |
| Use ability | 94 | |
1009 total
» units
| Wisp | 24 | |
| Archer | 13 | |
| Hippogryph | 14 | |
| Mountain Giant | 4 | |
| Druid of the Claw | 5 | |
60 total
» upgrades
| Strength of the Wild | 1 | |
| Strength of the Moon | 3 | |
| Hippogryph Taming | 1 | |
| Druid of the Claw Training | 2 | |
| Improved Bows | 1 | |
| Reinforced Hides | 2 | |
| Marksmanship | 1 | |
11 total
» buildings
| Altar of Elders | 1 | |
| Moon Well | 8 | |
| Ancient of War | 2 | |
| Ancient of Wonders | 1 | |
| Tree of Ages | 1 | |
| Hunter's Hall | 1 | |
| Tree of Life | 2 | |
| Ancient of Wind | 2 | |
| Ancient of Lore | 3 | |
| Tree of Eternity | 1 | |
22 total
» build order
00:47 Altar of Elders
00:56 Moon Well
01:09 Ancient of War
01:34 Ancient of Wonders
01:59 Ancient of War
02:07 Moon Well
03:12 Moon Well
04:45 Tree of Ages
05:34 Moon Well
06:33 Hunter's Hall
07:19 Tree of Life
07:33 Ancient of Wind
07:39 Ancient of Lore
09:12 Moon Well
10:53 Ancient of Lore
12:06 Moon Well
13:38 Moon Well
14:23 Moon Well
15:38 Ancient of Wind
18:08 Ancient of Lore
19:32 Tree of Life
20:05 Tree of Eternity
team 2 (loser)
scadinha (
orange | 51 APM | 1395 actions | 27:31)
9 Paladin
2 Holy Light
3 Devotion Aura
3 Divine Shield
1 Resurrection
» actions
| Assign group hotkey | 38 | |
| Basic commands | 193 | |
| Build / train | 72 | |
| Enter build submenu | 25 | |
| Enter hero's abilities submenu | 9 | |
| Give item / drop item | 1 | |
| Remove unit from queue | 1 | |
| Right click | 265 | |
| Select / deselect | 267 | |
| Select group hotkey | 440 | |
| Use ability | 84 | |
1395 total
» units
| Peasant | 8 | |
| Footman | 5 | |
| Goblin Shredder | 1 | |
| Dragonhawk Rider | 7 | |
| Gryphon Rider | 14 | |
| Knight | 1 | |
36 total
» upgrades
| Swords | 3 | |
| Armor | 3 | |
| Masonry | 1 | |
| Animal War Training | 1 | |
| Storm Hammers | 1 | |
| Cloud | 1 | |
10 total
» buildings
| Altar of Kings | 1 | |
| Farm | 13 | |
| Barracks | 1 | |
| Scout Tower | 1 | |
| Arcane Tower | 1 | |
| Arcane Vault | 1 | |
| Keep | 1 | |
| Lumber Mill | 1 | |
| Blacksmith | 1 | |
| Castle | 1 | |
| Gryphon Aviary | 3 | |
| Town Hall | 1 | |
26 total
» build order
00:22 Altar of Kings
00:25 Farm
00:38 Farm
00:53 Barracks
01:58 Scout Tower
02:11 Farm
02:29 Arcane Tower
02:55 Arcane Vault
03:01 Farm
03:25 Keep
03:44 Lumber Mill
03:52 Blacksmith
04:33 Farm
05:34 Farm
05:35 Farm
06:43 Castle
06:46 Gryphon Aviary
06:50 Gryphon Aviary
06:54 Gryphon Aviary
07:36 Town Hall
08:53 Farm
12:07 Farm
12:09 Farm
13:01 Farm
13:45 Farm
13:47 Farm
» items
| Scroll of Regeneration | 4 | |
| Lesser Clarity Potion | 3 | |
| Scroll of Town Portal | 4 | |
11 total
Chea. (
yellow | 55 APM | 1522 actions | 27:29)
4 Demon Hunter
2 Immolation
2 Evasion
5 Keeper of the Grove
2 Entangling Roots
3 Thorns Aura
» actions
| Assign group hotkey | 30 | |
| Build / train | 66 | |
| Enter build submenu | 27 | |
| Enter hero's abilities submenu | 9 | |
| Remove unit from queue | 5 | |
| Right click | 974 | |
| Select / deselect | 257 | |
| Select group hotkey | 84 | |
| Use ability | 70 | |
1522 total
» units
| Wisp | 20 | |
| Archer | 4 | |
| Hippogryph | 7 | |
| Chimaera | 9 | |
40 total
» upgrades
| Strength of the Wild | 3 | |
| Reinforced Hides | 2 | |
| Ultravision | 1 | |
| Corrosive Breath | 1 | |
7 total
» buildings
| Altar of Elders | 1 | |
| Moon Well | 8 | |
| Ancient of War | 1 | |
| Hunter's Hall | 1 | |
| Tree of Ages | 1 | |
| Ancient of Wind | 1 | |
| Tree of Eternity | 2 | |
| Ancient Protector | 6 | |
| Chimaera Roost | 2 | |
| Ancient of Wonders | 1 | |
| Tree of Life | 3 | |
27 total
» build order
00:48 Altar of Elders
00:53 Moon Well
01:15 Ancient of War
01:40 Moon Well
02:34 Hunter's Hall
02:45 Moon Well
03:48 Moon Well
04:40 Tree of Ages
04:52 Moon Well
06:10 Moon Well
07:13 Ancient of Wind
07:45 Moon Well
07:52 Tree of Eternity
07:52 Tree of Eternity
08:29 Ancient Protector
08:57 Moon Well
09:48 Ancient Protector
09:55 Ancient Protector
10:07 Ancient Protector
10:34 Chimaera Roost
10:37 Chimaera Roost
12:08 Ancient Protector
12:18 Ancient Protector
12:59 Ancient of Wonders
14:38 Tree of Life
22:35 Tree of Life
26:08 Tree of Life
» items
KUKOMONGA (
green | 48 APM | 1308 actions | 27:22)
4 Archmage
2 Summon Water Elemental
2 Brilliance Aura
3 Paladin
1 Holy Light
2 Devotion Aura
» actions
| Basic commands | 55 | |
| Build / train | 111 | |
| Enter build submenu | 29 | |
| Enter hero's abilities submenu | 7 | |
| Remove unit from queue | 4 | |
| Right click | 573 | |
| Select / deselect | 397 | |
| Use ability | 132 | |
1308 total
» units
| Peasant | 21 | |
| Footman | 18 | |
| Priest | 7 | |
| Spell Breaker | 1 | |
| Knight | 1 | |
48 total
» upgrades
| Defend | 1 | |
| Masonry | 3 | |
| Plating | 1 | |
| Swords | 1 | |
| Priest Training | 1 | |
| Animal War Training | 1 | |
| Sorceress Training | 1 | |
| Magic Sentry | 1 | |
10 total
» buildings
| Barracks | 1 | |
| Farm | 13 | |
| Altar of Kings | 2 | |
| Arcane Vault | 2 | |
| Lumber Mill | 1 | |
| Scout Tower | 5 | |
| Arcane Tower | 1 | |
| Guard Tower | 7 | |
| Blacksmith | 1 | |
| Keep | 2 | |
| Arcane Sanctum | 1 | |
| Castle | 1 | |
| Town Hall | 1 | |
38 total
» build order
01:07 Barracks
01:11 Farm
01:49 Farm
01:52 Farm
01:56 Altar of Kings
02:10 Arcane Vault
02:29 Farm
02:46 Lumber Mill
03:10 Farm
03:26 Arcane Vault
03:53 Farm
04:17 Scout Tower
04:19 Scout Tower
04:42 Arcane Tower
04:44 Guard Tower
05:58 Blacksmith
06:59 Keep
06:59 Keep
08:02 Farm
09:09 Scout Tower
09:40 Scout Tower
09:41 Guard Tower
09:42 Guard Tower
10:41 Guard Tower
10:42 Guard Tower
12:31 Altar of Kings
13:09 Arcane Sanctum
13:35 Farm
13:40 Castle
13:42 Scout Tower
14:11 Farm
14:15 Farm
15:23 Guard Tower
15:45 Farm
15:47 Farm
15:54 Farm
20:43 Town Hall
24:37 Guard Tower
24:37 Guard Tower
» items
| Scroll of Regeneration | 3 | |
| Lesser Clarity Potion | 5 | |
| Potion of Healing | 2 | |
| Scroll of Town Portal | 1 | |
| Ivory Tower | 2 | |
13 total
Uchiha_Madara_ (
teal | 53 APM | 1446 actions | 27:26)
4 Shadow Hunter
2 Healing Wave
1 Hex
1 Serpent Ward
2 Tauren Chieftain
1 Endurance Aura
1 Shockwave
» actions
| Assign group hotkey | 2 | |
| Basic commands | 1 | |
| Build / train | 92 | |
| Enter build submenu | 25 | |
| Enter hero's abilities submenu | 6 | |
| Remove unit from queue | 3 | |
| Right click | 756 | |
| Select / deselect | 476 | |
| Use ability | 85 | |
1446 total
» units
| Peon | 14 | |
| Grunt | 23 | |
| Troll Headhunter/Berserker | 19 | |
| Goblin Zeppelin | 1 | |
| Troll Witch Doctor | 7 | |
| Shaman | 2 | |
66 total
» upgrades
| Spiked Barricades | 1 | |
| Ranged Weapons | 2 | |
| Armor | 2 | |
| Melee Weapons | 2 | |
| Troll Regeneration | 1 | |
| Berserker Strength | 1 | |
| Witch Doctor Training | 2 | |
| Berserker Upgrade | 1 | |
| Shaman Training | 1 | |
13 total
» buildings
| Orc Burrow | 5 | |
| Altar of Storms | 1 | |
| Barracks | 4 | |
| War Mill | 2 | |
| Watch Tower | 3 | |
| Stronghold | 1 | |
| Great Hall | 2 | |
| Spirit Lodge | 1 | |
| Fortress | 1 | |
20 total
» build order
00:39 Orc Burrow
00:52 Altar of Storms
01:06 Orc Burrow
01:15 Barracks
02:06 Orc Burrow
02:25 Orc Burrow
02:36 Orc Burrow
03:17 War Mill
04:35 Watch Tower
04:47 Watch Tower
05:57 Stronghold
06:22 Watch Tower
09:22 Great Hall
11:23 Spirit Lodge
15:41 Barracks
16:03 Fortress
19:30 Barracks
23:30 War Mill
24:51 Great Hall
25:10 Barracks
Chat log
(00:09 / Allies) OZ-ADEBISI: rifle sorceress
(00:13 / All) HUMBLE-ORIGINS: what kind of bullshit is this
(00:24 / All) KUKOMONGA: this is warcraft
(00:24 / All) OZ-ADEBISI: the smelly kind
(00:28 / All) KUKOMONGA: The frozen throne
(00:28 / All) HUMBLE-ORIGINS: level 3 and the top ell player on my team
(00:30 / All) HUMBLE-ORIGINS: how fucking gay
(00:38 / All) HUMBLE-ORIGINS: gonna get raped by u guys
(00:40 / All) HUMBLE-ORIGINS: why do i even play
(00:47 / All) OZ-ADEBISI: you like it
(00:49 / All) KUKOMONGA: doubt it
(00:54 / All) KUKOMONGA: our team is tras
(00:55 / All) HUMBLE-ORIGINS: red purp look like shit
(00:59 / All) KUKOMONGA: trash
(01:11 / All) Spicey7: blue is shit
(01:11 / All) HUMBLE-ORIGINS: big brother kodos_forsaken wouldn't let me leave so i cant
(01:13 / All) HUMBLE-ORIGINS: i hav eto stick it out
(01:16 / All) OZ-ADEBISI: noobasaurus rex
(01:35 / All) HUMBLE-ORIGINS: ah yes, kukomonga, u and my brother have a history
(01:39 / All) KUKOMONGA: gynacolagyst rex
(01:59 / All) KUKOMONGA: who kodos?
(04:25 / All) HUMBLE-ORIGINS: idiot loses hero to creeps
(04:30 / All) HUMBLE-ORIGINS: like i said reds a noob cock
(04:46 / All) OZ-ADEBISI: reds always noob
(06:18 / All) Spicey7: dumbshit loses his hero
(06:19 / All) bigaonja: almighty blue
(06:25 / All) HUMBLE-ORIGINS: i got the item
(06:38 / All) HUMBLE-ORIGINS: i stopped playing my hardest when i realized this team is shit
(06:41 / All) HUMBLE-ORIGINS: and we gonna lose
(06:44 / All) bigaonja: lol
(06:48 / All) bigaonja: yea yea yea
(06:52 / All) Spicey7: yeah we noticed you stupid COKSUCKER
(07:04 / All) HUMBLE-ORIGINS: lets nuke them fag
(07:55 / Allies) OZ-ADEBISI: ima fuck up someones peasants
(13:01 / Allies) OZ-ADEBISI: gold?
(16:10 / Allies) HUMBLE-ORIGINS: no no
(17:30 / All) OZ-ADEBISI: hero had 1 health
(18:50 / Allies) OZ-ADEBISI: gold?
(19:14 / All) HUMBLE-ORIGINS: u build ur base good green
(20:55 / Allies) HUMBLE-ORIGINS: TP
(21:01 / All) HUMBLE-ORIGINS: hall
(21:02 / All) HUMBLE-ORIGINS: hall
(21:06 / All) HUMBLE-ORIGINS: HALL
(21:22 / All) HUMBLE-ORIGINS: to pink
(21:37 / Allies) HUMBLE-ORIGINS: gold
(22:12 / Allies) HUMBLE-ORIGINS: tp....
(22:22 / Allies) HUMBLE-ORIGINS: jesus u guys want to blow this
(22:30 / Allies) OZ-ADEBISI: i killed the hall brah
(23:05 / Allies) HUMBLE-ORIGINS: 'red get the fuck over here
(23:21 / Allies) HUMBLE-ORIGINS: unmount the hippos idiot
(23:41 / Allies) HUMBLE-ORIGINS: GUYS
(24:19 / Allies) OZ-ADEBISI: gold
(24:55 / All) HUMBLE-ORIGINS: what a fucking idiotic team
(25:09 / All) HUMBLE-ORIGINS: red is scared to use his hippos
(25:33 / Allies) OZ-ADEBISI: attack together
(26:26 / All) HUMBLE-ORIGINS: idiot team
(26:27 / All) HUMBLE-ORIGINS: i swear
(26:31 / All) HUMBLE-ORIGINS: we lost
(26:41 / All) HUMBLE-ORIGINS: UN MOUNT RED
(26:42 / All) HUMBLE-ORIGINS: UN MOUNT
(27:10 / All) KUKOMONGA: EAT A DICK BLUE
(27:12 / All) HUMBLE-ORIGINS: lol
(27:28 / All) HUMBLE-ORIGINS: seriously
(27:31 / All) OZ-ADEBISI: nice